 Dungeon Crawl Stone Soup version 0.16-a0-3228-ge148b08 (console) character file.

2368 Fusha the Summoner (level 9, 39/39 HPs)
             Began as a Felid Summoner on Dec 21, 2014.
             Was an Elder of Fedhas.
             Quit the game on level 4 of the Lair of Beasts.
             The game lasted 01:56:49 (24200 turns).

Fusha the Summoner (Felid Summoner)                Turns: 24200, Time: 01:56:49

Health: 39/39      AC:  5    Str:  4    XL:     9   Next: 21%
Magic:  29/29      EV: 24    Int: 21    God:    Fedhas [****..]
Gold:   977        SH:  0    Dex: 16    Spells: 7 memorised, 3 levels left
                                        Lives:  0   Deaths: 3

rFire  . . .     SeeInvis +       - Unarmed
rCold  . . .     Clarity  +     (armour unavailable)
rNeg   . . .     SustAb   .     (shield unavailable)
rPois  .         Gourm    .     (helmet unavailable)
rElec  .         Spirit   .     (cloak unavailable)
rCorr  .         Warding  .     (gloves unavailable)
rMut   .         Stasis   .     (boots unavailable)
MR     +....                    v - amulet of clarity
Stlth  +++++.....               y - +3 ring of protection
                                l - ring of wizardry

@: quick, somewhat resistant to hostile enchantments, quite stealthy
A: paw claws, no armour, no weapons or thrown items, fangs 3, see invisible,
carnivore 3, speed 1, shaggy fur 2, slow metabolism 1
a: Evolution, Sunlight, Growth, Reproduction, Renounce Religion


You were on level 4 of the Lair of Beasts.
You worshipped Fedhas.
Fedhas was greatly pleased with you.
You were not hungry.

You visited 2 branches of the dungeon, and saw 15 of its levels.

You collected 1127 gold pieces.
You spent 150 gold pieces at shops.

Inventory:

Jewellery
 l - a ring of wizardry (left paw)
 q - an uncursed amulet of the gourmand
 v - an amulet of clarity (around neck)
 y - a +3 ring of protection (right paw)
 C - an uncursed ring of stealth
 D - an uncursed ring of magical power
 G - a +2 ring of dexterity
 I - a +1 ring of protection
Magical devices
 n - a wand of magic darts (32)
 o - a wand of draining (6)
 H - a wand of digging (19)
 K - a wand of lightning (4)
 L - a wand of enslavement (6)
 N - a wand of fire (6)
 S - a wand of frost (27)
 T - a wand of magic darts (36)
 V - a wand of cold (10)
Scrolls
 i - 11 scrolls of remove curse
 k - 2 scrolls of fear
 p - 2 scrolls of recharging
 r - 2 scrolls of fog
 x - a scroll of amnesia
 A - 2 scrolls of enchant armour
 O - a scroll of vulnerability {unknown}
 P - a scroll of magic mapping {unknown}
 Q - 2 scrolls of blinking {unknown}
 U - a scroll of noise
Potions
 a - 2 potions of berserk rage
 d - 4 potions of curing
 e - 4 potions of magic
 f - 4 potions of ambrosia
 h - 2 potions of flight
 j - 5 potions of brilliance
 m - 2 potions of resistance
 s - a potion of poison
 u - 2 potions of invisibility
 z - a potion of agility
 E - a potion of restore abilities
 J - a potion of lignification
 R - a potion of cancellation {unknown}
Books
 b - a book of Callings

   Spells                             Type                      Level
   a - Summon Small Mammal            Summoning                    1
   b - Call Imp                       Summoning                    2
   c - Call Canine Familiar           Summoning                    3
   d - Summon Guardian Golem          Hexes/Summoning              4
   e - Summon Lightning Spire         Summoning/Air                4
   f - Summon Ice Beast               Ice/Summoning                4
 t - a book of the Warp

   Spells                             Type                      Level
   a - Recall                         Summoning/Translocation      3
   b - Control Teleport               Charms/Translocation         4
   c - Force Lance                    Conjuration/Translocation    4
   d - Phase Shift                    Translocation                5
   e - Warp Weapon                    Charms/Translocation         5
   f - Summon Forest                  Summoning/Translocation      5
   g - Gell's Gravitas                Hexes/Translocation          6
 B - a book of Air

   Spells                             Type                      Level
   a - Shock                          Conjuration/Air              1
   b - Swiftness                      Charms/Air                   2
   c - Repel Missiles                 Charms/Air                   2
   d - Flight                         Charms/Air                   3
   e - Static Discharge               Conjuration/Air              3
   f - Lightning Bolt                 Conjuration/Air              5
 F - a book of the Dragon

   Spells                             Type                      Level
   a - Flight                         Charms/Air                   3
   b - Cause Fear                     Hexes                        4
   c - Bolt of Fire                   Conjuration/Fire             6
   d - Dragon Form                    Transmutation                7
   e - Dragon's Call                  Summoning                    9
Comestibles
 c - 7 meat rations
 g - 2 slices of pizza
 w - 3 beef jerkies
 M - 6 fruits


   Skills:
 + Level 3.7 Fighting
 + Level 8.9 Dodging
 + Level 7.5 Stealth
 + Level 4.4 Unarmed Combat
 + Level 9.4 Spellcasting
 - Level 2.2 Hexes
 + Level 11.1 Summonings
 + Level 1.1 Translocations
 - Level 2.0 Ice Magic
 + Level 0.8 Invocations
 + Level 6.1 Evocations


You had 3 spell levels left.
You knew the following spells:

 Your Spells              Type           Power        Failure   Level  Hunger
a - Summon Forest         Summ/Tloc      #####.....   7%          5    #####..
b - Call Imp              Summ           ######..     1%          2    None
c - Call Canine Familiar  Summ           ######..     1%          3    None
d - Summon Ice Beast      Ice/Summ       #####...     2%          4    ##.....
e - Summon Guardian Gole  Hex/Summ       #####...     1%          4    ##.....
f - Swiftness             Chrm/Air       #.......     4%          2    None
g - Recall                Summ/Tloc      N/A          1%          3    None


Dungeon Overview and Level Annotations

Branches:
Dungeon (11/15)            Temple (0/1) D:5            Lair (4/8) D:10
 Shoals (0/5) Lair:3        Snake (0/5) Lair:3
    Orc: D:9-12

Altars:
Dithmenos
Elyvilon
Fedhas
Gozag
Okawaru
Trog
Xom
The Shining One

Shops:
D:6 *   D:9 }

Annotations:
D:1 scroll behind lava
D:4 Pikel
D:11 Psyche


Innate Abilities, Weirdness & Mutations

You cannot wear armour.
You are incapable of wielding weapons or throwing items.
Your paws have sharp claws.
You have razor-sharp teeth.
You have supernaturally acute eyesight.
You are carnivorous and can eat meat at any time.
You cover ground quickly.
You are covered in thick fur (AC +2).
You have a slow metabolism.


Message History

Ouch! That really hurt!
You die...
You are now level 10!
You rejoin the land of the living...
Found a scroll of remove curse.
The electric eel shoots out a bolt of lightning at you!
The bolt of electricity hits you! x2
The electric eel shoots out a bolt of lightning at you!
The bolt of electricity misses you.
The electric eel shoots out a bolt of lightning at you!
The bolt of electricity hits you!
The electric eel shoots out a bolt of lightning at you!
The bolt of electricity hits you!
* * * LOW HITPOINT WARNING * * *
The electric eel shoots out a bolt of lightning at you!
The bolt of electricity hits you!
You die...
You are now level 9!
You rejoin the land of the living...
Are you sure you want to abandon this character and quit the game? (Confirm with "yes".)

..............#......###P.
......................P#...
............................
...............bP....##P##.#.
.................#...########.
..................#...# #..
..................#...# #..
.................##...### ##.
...#.........@..###..#.# ##
##...........(.#..#.### #
###..................#
##.........P........#
#..........######.###
##..........# ###
#..........## #..........#
##.........##


There were no monsters in sight!

Vanquished Creatures
  Maurice (D:9)
  A yak (D:10)
  2 hippogriffs
  A water moccasin (Lair:1)
  A porcupine (Lair:3)
  A sky beast (D:8)
  3 centaurs
  A crocodile (Lair:1)
  9 giant frogs
  2 centaur zombies
  A giant frog zombie (D:10)
  An orc priest (D:9)
  3 crimson imps
  A centaur skeleton (D:7)
  9 hounds
  An orc wizard (D:4)
  3 worker ants
  A giant frog skeleton (D:6)
  2 iguanas (Lair:1)
  A sheep (Lair:1)
  A hound zombie (D:8)
  2 hound skeletons
  5 river rats
  8 adders
  3 shadow imps
  2 adder skeletons
  11 orcs
  12 bats
  A bat zombie (D:6)
  3 giant cockroaches
  6 goblins
  6 hobgoblins
  A ball python (D:4)
  A giant gecko (D:8)
  4 giant newts
  6 jackals
  A jackal zombie (D:7)
  4 kobolds
  4 quokkas
  A quokka skeleton (D:4)
  12 rats
  A butterfly (Lair:3)
  A fungus (D:2)
141 creatures vanquished.

Vanquished Creatures (collateral kills)
  2 hydras
  Harold (Lair:3)
  An ogre mage (D:10)
  Erolcha (D:9)
  An orc knight (D:10)
  2 hill giants (D:10)
  A siren (Lair:3)
  Joseph (D:9)
  8 spiny frogs
  A fire drake (Lair:4)
  A komodo dragon (Lair:2)
  2 trolls (D:10)
  The ghost of Miyamura the Magician, an average HESk of Cheibriados (D:4)
  A wyvern (D:10)
  A slime creature (D:10)
  21 yaks
  A basilisk (Lair:4)
  5 hippogriffs
  A hungry ghost (D:7)
  A vampire mosquito (D:10)
  A soldier ant (D:10)
  3 water moccasins
  7 porcupines
  A black bear (D:8)
  4 orc warriors
  3 ice beasts
  5 ogres
  3 slaves (D:4)
  3 necrophages
  2 phantoms
  2 sky beasts
  Sigmund (D:5)
  Duvessa (D:9)
  3 crocodiles
  5 giant frogs
  A gnoll sergeant (D:6)
  2 scorpions
  3 killer bees (D:10)
  2 water moccasin skeletons
  3 crimson imps
  3 goliath beetles
  Dowan (D:9)
  3 jellies
  A giant frog zombie (D:10)
  A yellow wasp zombie (D:9)
  Crazy Yiuf (D:2)
  4 orc priests
  4 hounds
  2 quasits
  8 iguanas
  8 orc wizards
  3 worker ants
  3 sheep (Lair:1)
  Jessica (D:2)
  Terence (D:2)
  9 adders
  A worker ant zombie (D:9)
  8 gnolls
  12 river rats
  5 shadow imps
  A giant mite (D:9)
  2 worms
  An adder zombie (D:9)
  An ooze (D:2)
  22 orcs
  A bat zombie (D:5)
  5 giant cockroaches
  4 hobgoblins
  6 jackals
  2 quokkas
  A ball python (D:4)
  6 bats
  2 giant geckos (D:6)
  2 giant newts
  3 goblins
  5 kobolds
  3 rats
255 creatures vanquished.

Vanquished Creatures (others)
  An oklob plant (D:10)
  A guardian golem (D:10)
  3 wargs (Lair:3)
  18 wolves
  An orc warrior (D:10)
  44 ice beasts
  11 crimson imps
  32 hounds
  An iron imp (D:4)
  3 orc wizards
  A shadow imp (D:2)
  14 white imps
  A giant gecko (D:7)
  An orc (D:9)
  A hobgoblin (D:7)
  3 quokkas
  8 bats
  2 giant spores
  6 rats
  159 toadstools
311 creatures vanquished.

Grand Total: 707 creatures vanquished

Notes
Turn   | Place    | Note
--------------------------------------------------------------
     0 | D:1      | Fusha, the Felid Summoner, began the quest for the Orb.
     0 | D:1      | Reached XP level 1. HP: 7/7 MP: 4/4
   564 | D:1      | Reached XP level 2. HP: 7/11 MP: 5/5
  1401 | D:2      | Noticed Terence
  1881 | D:2      | Found a glowing golden altar of the Shining One.
  1883 | D:2      | Found a white marble altar of Elyvilon.
  2115 | D:2      | Noticed Jessica
  2469 | D:2      | Reached XP level 3. HP: 1/14 MP: 0/8
  2474 | D:2      | Learned a level 3 spell: Call Canine Familiar
  2477 | D:2      | Learned a level 2 spell: Call Imp
  3479 | D:2      | Killed Jessica
  3521 | D:2      | Killed Terence
  3521 | D:2      | Reached XP level 4. HP: 14/18 MP: 0/11
  3758 | D:2      | Noticed Crazy Yiuf
  3791 | D:2      | Killed Crazy Yiuf
  3856 | D:3      | Reached skill level 5 in Summonings
  4687 | D:3      | Found a blossoming altar of Fedhas.
  4692 | D:3      | Became a worshipper of Fedhas Madash
  4991 | D:4      | Noticed Miyamura's ghost (average HESk)
  5034 | D:4      | Killed Miyamura's ghost
  5034 | D:4      | Reached XP level 5. HP: 21/21 MP: 3/14
  5391 | D:4      | Noticed a slave
  5392 | D:4      | Noticed Pikel
  5392 | D:4      | Noticed a slave
  5410 | D:4      | Noticed a slave
  5412 | D:4      | Noticed a slave
  5414 | D:4      | Killed a slave
  5428 | D:4      | Killed a slave
  5676 | D:4      | Killed a slave
  5987 | D:4      | Noticed an ogre
  6009 | D:4      | Killed an ogre
  6009 | D:4      | Reached skill level 6 in Summonings
  6009 | D:4      | Gained mutation: You are covered in thick fur (AC +2). [growing up]
  6009 | D:4      | Reached XP level 6. HP: 24/24 MP: 8/17
  6016 | D:4      | Learned a level 4 spell: Summon Ice Beast
  6130 | D:4      | HP: 1/24 [poisoned by a scorpion]
  6161 | D:4      | HP: 1/24 [adder (4)]
  6253 | D:4      | Found a shadowy altar of Dithmenos.
  6572 | D:4      | Reached skill level 1 in Ice Magic
  6986 | D:5      | Entered Level 5 of the Dungeon
  7056 | D:5      | Found a staircase to the Ecumenical Temple.
  7242 | D:5      | Reached skill level 1 in Unarmed Combat
  7606 | D:5      | Noticed Sigmund
  7618 | D:5      | Killed Sigmund
  8074 | D:6      | Found Eluata's General Store.
  8089 | D:6      | Bought a scroll of identify for 20 gold pieces
  8089 | D:6      | Bought a scroll of identify for 20 gold pieces
  8089 | D:6      | Bought a potion of invisibility for 80 gold pieces
  8089 | D:6      | Bought a potion of curing for 30 gold pieces
  8105 | D:6      | Reached XP level 7. HP: 27/27 MP: 13/19
  8852 | D:6      | Learned a level 4 spell: Summon Guardian Golem
  9429 | D:6      | Reached skill level 1 in Hexes
  9654 | D:6      | Reached skill level 1 in Fighting
  9654 | D:6      | Reached skill level 7 in Summonings
 10181 | D:7      | Found a shimmering altar of Xom.
 10192 | D:7      | Acquired Fedhas' first power
 10293 | D:7      | Reached XP level 8. HP: 29/32 MP: 14/21
 10451 | D:7      | Reached skill level 1 in Evocations
 10625 | D:7      | Found an opulent altar of Gozag.
 10937 | D:7      | Found a bloodstained altar of Trog.
 11321 | D:8      | Learned a level 2 spell: Swiftness
 11481 | D:8      | Reached skill level 5 in Dodging
 11511 | D:8      | Reached skill level 5 in Spellcasting
 12134 | D:8      | Acquired Fedhas' second power
 12435 | D:8      | Reached skill level 5 in Stealth
 12915 | D:8      | Reached XP level 9. HP: 36/36 MP: 22/24
 13454 | D:9      | Found Hegep's Quality Used Wands.
 14030 | D:9      | Noticed Erolcha
 14041 | D:9      | Killed Erolcha
 14041 | D:9      | Reached skill level 8 in Summonings
 14218 | D:9      | Noticed Joseph
 14232 | D:9      | Killed Joseph
 14393 | D:9      | Noticed Dowan
 14394 | D:9      | Noticed Duvessa
 14402 | D:9      | Reached skill level 5 in Evocations
 14408 | D:9      | Killed Duvessa
 14411 | D:9      | Killed Dowan
 14635 | D:9      | Noticed Maurice
 15218 | D:9      | Killed Maurice
 15821 | D:10     | Entered Level 10 of the Dungeon
 15859 | D:10     | Noticed a hill giant
 15881 | D:10     | Killed a hill giant
 15918 | D:10     | Reached XP level 10. HP: 40/40 MP: 1/27
 16284 | D:10     | Found a staircase to the Lair.
 16296 | D:10     | Reached skill level 9 in Summonings
 16457 | D:10     | Acquired Fedhas' third power
 17142 | D:10     | Learned a level 3 spell: Recall
 17149 | D:10     | Learned a level 5 spell: Summon Forest
 17353 | D:10     | Noticed an orc knight
 17609 | D:10     | Noticed a hill giant
 17639 | D:10     | Killed an orc knight
 17642 | D:10     | Killed a hill giant
 17803 | D:10     | Noticed an ogre mage
 17806 | D:10     | Noticed a catoblepas
 17833 | D:10     | Noticed a fire giant
 17972 | D:10     | Slain by a freezing wraith
 17973 | D:10     | Reached XP level 9. HP: -5/37 MP: 22/27
 18792 | D:10     | Killed an ogre mage
 18792 | D:10     | Reached skill level 10 in Summonings
 18859 | Lair:1   | Entered Level 1 of the Lair of Beasts
 19068 | Lair:1   | Found a blossoming altar of Fedhas.
 19146 | Lair:1   | Reached XP level 10. HP: 32/42 MP: 29/29
 19387 | Lair:1   | Noticed a spiny frog
 19402 | Lair:1   | Killed a spiny frog
 19468 | Lair:1   | Noticed a spiny frog
 19473 | Lair:1   | Killed a spiny frog
 19547 | Lair:1   | Acquired Fedhas' fourth power
 20225 | D:10     | Noticed a hill giant
 20641 | D:11     | Noticed Psyche
 20699 | Lair:2   | Noticed a seven-headed hydra
 20708 | Lair:2   | Killed a seven-headed hydra
 21100 | Lair:2   | Reached skill level 1 in Translocations
 21523 | Lair:2   | Found an iron altar of Okawaru.
 21775 | Lair:3   | Found a staircase to the Shoals.
 21777 | Lair:3   | Noticed a siren
 21789 | Lair:3   | Killed a siren
 22111 | Lair:3   | Noticed Harold
 22132 | Lair:3   | Found a staircase to the Snake Pit.
 22134 | Lair:3   | Killed Harold
 22160 | Lair:3   | Noticed a five-headed hydra
 22182 | Lair:3   | Killed a five-headed hydra
 22182 | Lair:3   | Reached XP level 11. HP: 45/45 MP: 1/30
 22517 | Lair:3   | Reached skill level 11 in Summonings
 23617 | Lair:4   | Noticed a five-headed hydra
 24186 | Lair:4   | Killed from afar by a fire drake
 24187 | Lair:4   | Reached XP level 10. HP: -14/42 MP: 15/30
 24194 | Lair:4   | Killed from afar by an electric eel
 24195 | Lair:4   | Reached XP level 9. HP: -7/39 MP: 29/29
 24200 | Lair:4   | Quit the game

Action                   |  1- 3 |  4- 6 |  7- 9 | 10-12 || total
-------------------------+-------+-------+-------+-------++-------
Melee: Unarmed           |   116 |   175 |   433 |   256 ||   980
 Cast: Summon Small Mamm |    34 |       |       |       ||    34
       Call Imp          |     9 |    52 |    42 |     4 ||   107
       Call Canine Famil |     9 |    27 |    45 |    42 ||   123
       Summon Ice Beast  |       |       |    85 |   117 ||   202
       Recall            |       |       |       |     2 ||     2
       Summon Guardian G |       |       |       |     2 ||     2
Invok: Growth            |       |       |       |     1 ||     1
       Evolution         |       |       |       |     1 ||     1
  Use: Potion            |       |     2 |     2 |       ||     4
       Scroll            |       |    11 |     6 |     6 ||    23
 Stab: Sleeping          |     5 |     7 |    17 |    13 ||    42
       Distracted        |       |     1 |     3 |     2 ||     6
       Confused          |       |       |     1 |       ||     1
  Eat: Chunk             |    13 |    13 |    41 |    21 ||    88
